AoeStats
← MostImmortal

MegaRandom

508512657Analyzed
4v4 RM · 8d ago on Sep 22, 2026· 46m 44s· 8 players
Game mode
Random Map
Map size
Large (8 player)
Population
200
Speed
Normal
Resources
Standard
Victory
Conquest
Starting age
Dark Age
Ending age
Imperial Age
RankedLock teamsTeams togetherTeam positionsShared explorationLock speedFull tech treeHidden civsTurbo modeCheats
Victory
Defeat
🇸🇪 Saxons · Sweden
1120
+14
🇬🇷 Burgundians · Greece
1098
+15
🇸🇪 Varangians · Sweden
1095
+15
🇬🇷 Khitans · Greece
1091
+15
🇨🇭 Danes · Switzerland
1211
-20
🇨🇭 Saxons · Switzerland
1193
-20
🇨🇭 Varangians · Switzerland
958
-10
🇨🇭 Spanish · Switzerland
913
-9
MostImmortal
6:41 Loom
9:09 Feudal Age
17:29 Castle Age
15:22 Double-Bit Axe
15:51 Stone Mining
17:09 Gold Mining
17:03 Horse Collar
19:06 Fishing Lines
20:32 Pikeman
31:49 Squires
31:55 Scale Mail Armor
32:11 Town Watch
33:38 Chain Mail Armor
34:25 Forging
34:56 Bow Saw
45:18 Imperial Age
46:47 Wheelbarrow
46:38 Fletching
46:49 Padded Archer Armor
dotqq
7:30 Loom
9:22 Feudal Age
14:00 Double-Bit Axe
15:10 Stone Mining
25:52 Wheelbarrow
28:14 Castle Age
28:41 Scale Mail Armor
28:54 Forging
30:31 Wheelbarrow
30:10 Bow Saw
32:13 Pikeman
33:11 Padded Archer Armor
35:27 Leather Archer Armor
35:04 Fletching
37:12 Pikeman
41:14 Ballistics
raphii.kalt
11:57 Feudal Age
17:33 Castle Age
19:54 Horse Collar
20:02 Double-Bit Axe
20:09 Gold Mining
20:10 Stone Mining
20:58 Wheelbarrow
23:16 Bow Saw
23:09 Heavy Plow
23:48 Stone Shaft Mining
26:01 Gambesons
26:16 Squires
26:02 Arson
27:15 Pikeman
28:14 Forging
28:05 Scale Mail Armor
30:02 Iron Casting
35:03 Imperial Age
32:53 Hand Cart
32:23 Loom
32:26 Town Watch
35:19 Halberdier
42:19 Elite Varangian Guard
46:32 Blast Furnace
45:47 Chain Mail Armor
45:38 Scale Barding Armor
Paffaff
0:46 Loom
9:33 Feudal Age
10:32 Double-Bit Axe
15:13 Horse Collar
18:23 Wheelbarrow
17:42 Fishing Lines
20:47 Wheelbarrow
20:51 Gold Mining
23:13 Castle Age
26:35 Fletching
26:40 Gillnets
33:02 Stone Mining
33:17 Scale Mail Armor
40:24 Hand Cart
40:50 Chain Mail Armor
40:46 Forging
41:29 Bodkin Arrow
43:40 Gold Shaft Mining
42:58 Stone Mining
44:53 Forging
45:37 Ballistics
J.D.Rehn
7:55 Loom
9:59 Feudal Age
10:46 Double-Bit Axe
10:42 Man-at-Arms
11:52 Horse Collar
12:59 Arson
21:22 Castle Age
19:49 Scale Mail Armor
20:08 Stone Mining
20:10 Gold Mining
22:38 Wheelbarrow
22:42 Bow Saw
24:11 Gold Shaft Mining
29:21 Chain Mail Armor
29:16 Forging
30:51 Forging
33:30 Iron Casting
38:52 Hand Cart
42:24 Imperial Age
43:36 Plate Mail Armor
43:31 Conscription
42:41 Shield Wall
43:12 Elite Hearth Troop
44:54 Capped Ram
46:05 Siege Ram
Wavedash
9:32 Feudal Age
10:23 Double-Bit Axe
16:21 Bloodlines
16:28 Forging
16:25 Scale Barding Armor
18:23 Castle Age
16:59 Horse Collar
19:30 Husbandry
18:52 Light Cavalry
23:14 Iron Casting
23:34 Loom
31:06 Bow Saw
31:04 Stone Mining
33:03 Chain Barding Armor
34:25 Heavy Plow
34:22 Vendel Legacy
38:07 Wheelbarrow
38:24 Fletching
39:13 Gold Mining
40:06 Town Watch
43:42 Imperial Age
42:12 Hand Cart
43:31 Stone Shaft Mining
45:40 Blast Furnace
45:15 Plate Barding Armor
46:18 Cavalier
Mr -V-
0:46 Loom
1:57 Wheelbarrow
12:14 Feudal Age
12:46 Double-Bit Axe
13:56 Horse Collar
14:08 Gold Mining
14:48 Heavy Plow
17:35 Bow Saw
23:39 Hand Cart
26:09 Castle Age
24:52 Gold Shaft Mining
25:01 Fletching
25:14 Scale Mail Armor
25:26 Forging
25:22 Scale Barding Armor
26:40 Cavalier
27:22 Husbandry
27:59 Iron Casting
27:45 Chain Barding Armor
28:52 Two-Man Saw
29:54 Crop Rotation
32:17 Town Watch
32:55 Stone Mining
35:40 Stone Shaft Mining
42:13 Imperial Age
42:21 Paladin
44:03 Blast Furnace
43:39 Plate Barding Armor
43:25 Conscription
43:14 Burgundian Vineyards
44:55 Treadmill Crane
gkyrkos7
0:30 Loom
8:25 Feudal Age
15:31 Castle Age
15:06 Double-Bit Axe
15:16 Domestication
16:30 Forging
22:07 Wheelbarrow
22:27 Gambesons
22:42 Squires
22:27 Arson
22:39 Gold Mining
24:04 Scale Mail Armor
25:42 Hand Cart
25:13 Town Watch
27:08 Iron Casting
28:06 Chain Mail Armor
29:04 Bow Saw
31:02 Fletching
31:24 Stone Mining
32:43 Pastoralism
34:33 Treadmill Crane
34:59 Bodkin Arrow
35:04 Padded Archer Armor
35:28 Lamellar Armor
36:11 Ballistics
40:47 Imperial Age
40:52 Elite Fire Lancer
43:09 Plate Mail Armor
43:49 Conscription
Connection lost

Rejoining the realm…

Still unreachable

The connection could not be restored.

Session expired

The server has moved on; the page needs a fresh start.